 Dungeon Crawl Stone Soup version 0.28-a0-793-g31680bbd8b (webtiles) character file.

Game seed: 5250877312353323318

543 gimp the Skirmisher (level 7, -2/88 HPs)
             Began as a Demonspawn Cinder Acolyte on Nov 3, 2021.
             Was a High Priest of Ignis.
             Slain by an iguana (7 damage)
             ... on level 4 of the Dungeon.
             The game lasted 00:07:01 (5801 turns).

gimp the Skirmisher (Demonspawn Cinder Acolyte)     Turns: 5801, Time: 00:07:02

Health: -2/88      AC:  8    Str: 14    XL:     7   Next: 6%
Magic:  8/8        EV: 10    Int: 16    God:    Ignis [*****.]
Gold:   139        SH:  0    Dex: 10    Spells: 6/8 levels left

rFire   + . .      SeeInvis .   a - +5 club
rCold   . . .      Faith    .   (no shield)
rNeg    . . .      Spirit   .   c - +0 ring mail
rPois   .          Reflect  .   n - +0 helmet
rElec   .          Harm     .   (no cloak)
rCorr   .          Rampage  .   (no gloves)
Will    .....                   (no boots)
Stlth   ..........              (no amulet)
HPRegen 0.24/turn               (no ring)
MPRegen 0.11/turn               (no ring)

@: berserking, very quick
A: hooves 2, molten scales 1
a: Renounce Religion, Sea of Fire, Foxfire Swarm, Rising Flame


You were on level 4 of the Dungeon.
You worshipped Ignis.
Ignis was extremely pleased with you.
You visited 1 branch of the dungeon, and saw 5 of its levels.

You collected 139 gold pieces.

Inventory:

Hand Weapons
 a - a +5 club (weapon)
 g - a -1 falchion of flaming
 j - a +0 war axe
 m - a +0 war axe
Missiles
 t - 16 poisoned darts (quivered)
Armour
 b - a +0 robe
 c - a +0 ring mail (worn)
 n - a +0 helmet (worn)
Scrolls
 e - 4 scrolls of identify {unknown}
 f - 2 scrolls of teleportation {unknown}
 h - 2 scrolls of fear {unknown}
 i - a scroll of holy word {unknown}
 l - a scroll of magic mapping {unknown}
 o - a scroll of enchant weapon {unknown}
 q - a scroll of enchant armour {unknown}
 s - a scroll of amnesia {unknown}
Potions
 d - a potion of brilliance {unknown}
 r - a potion of attraction {unknown}


   Skills:
 * Level 6.5 Fighting
 - Level 2.6 Long Blades
 * Level 3.3 Armour
 - Level 1.0 Spellcasting
 + Level 3.5 Fire Magic


You had 6 spell levels left.
You knew the following spells:

 Your Spells              Type           Power      Damage    Failure   Level
a - Scorch                Fire           24%        2d6       16%         2

Your spell library contained the following spells:

 Spells                   Type           Power      Damage    Failure   Level


Dungeon Overview and Level Annotations

Branches:
Dungeon (5/15)
 Temple: D:4-7

Altars:

Annotations:
D:4 Grinder
D:5 Edmund


Innate Abilities, Weirdness & Mutations

You have hoof-like feet.
You are partially covered in molten scales. (AC +2)


Message History

You take 1 damage, and have 45/59 hp.
You completely miss the iguana. You kick the iguana.
The iguana is lightly wounded.
The iguana closely misses you.
You hit the iguana but do no damage.
The iguana is lightly wounded.
The iguana bites you!
You take 10 damage, and have 35/59 hp.
You closely miss the iguana.
The iguana is lightly wounded.
The iguana bites you. x2
You take 7 damage, and have 28/59 hp.
You are too injured to fight recklessly!
You are too injured to fight recklessly!
You are too injured to fight recklessly!
The iguana hisses menacingly.
There is a stone staircase leading up here.
The iguana bites you!
You climb upwards.
Level annotation: Grinder
There is a stone staircase leading down here.
You take 9 damage, and have 22/59 hp.
Grinder blinks!
You hit Grinder. You kick Grinder.
Grinder is moderately wounded.
Grinder gestures at you. Pain shoots through your body!
* * * LOW HITPOINT WARNING * * *
The iguana bites you!
* * * LOW HITPOINT WARNING * * *
You take 19 damage, and have 4/59 hp.
MASSIVE DAMAGE!!
You feel better. Grinder hits you but does no damage. The iguana bites you!
* * * LOW HITPOINT WARNING * * *
You take 1 damage, and have 3/59 hp.
It was a potion of berserk rage.
A red film seems to cover your vision as you go berserk!
You feel yourself moving faster!
You feel mighty! Grinder gestures at you. You resist with significant effort.
The iguana bites you!
You die...

#.# #..##.#.####
#o# #####.#
##...5###...# #.#
#.....#
#..###.#>##.# #.#
#.##### #.##
#5###.# #.. #.#
#.# #.....# #..
#.# #.# #####.#
#.. #.# ##.## #.#
#.. #.#
####...########.#
##. #.#
#........5@l>...#
#... #.#
#.##...########.#
#.#. #.# #.###.##
#.# #.## #.###.#
#... #.. .
#.....# #####
#### #######


You could see Grinder and an iguana.

Vanquished Creatures
  A phantom (D:5)
  A bullfrog (D:4)
  2 hounds (D:4)
  A jelly (D:4)
  An orc priest (D:4)
  Jessica (D:2)
  2 iguanas (D:5)
  Terence (D:2)
  2 gnolls (D:5)
  7 adders
  An adder skeleton (D:5)
  2 worms
  3 dart slugs
  6 orcs
  8 ball pythons
  7 bats
  9 endoplasms
  4 giant cockroaches
  7 goblins
  8 hobgoblins
  7 jackals
  4 quokkas
  3 frilled lizards
  A kobold (D:1)
  3 rats
92 creatures vanquished.

Notes
Turn   | Place    | Note
-------+----------+-------------------------------------------
     0 | D:1      | gimp the Demonspawn Cinder Acolyte began the quest for the
                  | Orb.
     0 | D:1      | Reached XP level 1. HP: 18/18 MP: 2/2
   519 | D:1      | Gained mutation: You have large cloven feet. [demonic
                  | ancestry]
   519 | D:1      | Reached XP level 2. HP: 20/24 MP: 3/3
  1020 | D:1      | Reached skill level 4 in Fighting
  1234 | D:2      | Noticed Jessica
  1545 | D:2      | Killed Jessica
  1546 | D:2      | Reached XP level 3. HP: 21/31 MP: 4/4
  1830 | D:2      | Reached skill level 5 in Fighting
  1830 | D:2      | Reached XP level 4. HP: 9/39 MP: 5/5
  2411 | D:2      | Noticed Terence
  2554 | D:2      | Killed Terence
  2555 | D:2      | Reached skill level 1 in Armour
  2780 | D:2      | Learned a level 2 spell: Scorch
  3130 | D:3      | Reached XP level 5. HP: 44/44 MP: 6/6
  3850 | D:4      | HP: 2/45 [bullfrog (4)]
  4102 | D:4      | Gained mutation: You have hoof-like feet. [demonic
                  | ancestry]
  4102 | D:4      | Reached XP level 6. HP: 47/52 MP: 7/7
  4246 | D:4      | Reached skill level 6 in Fighting
  4770 | D:4      | Noticed Grinder
  4776 | D:5      | Entered Level 5 of the Dungeon
  4776 | D:5      | Noticed Edmund
  5520 | D:5      | Gained mutation: You are partially covered in molten
                  | scales. (AC +2) [demonic ancestry]
  5520 | D:5      | Reached XP level 7. HP: 31/59 MP: 8/8
  5801 | D:4      | Slain by an iguana

Illustrated notes

Levels and vault maps discovered:
D:1:      tarquinn_simple_flora_water_c, layout_loops_ring
D:2:      layout_loops_ring, uniq_jessica, uniq_terence
D:3:      layout_loops_ring, serial_bayou_crossing
D:4:      minmay_diamond_boxcup, layout_loops_ring, uniq_grinder
D:5:      layout_loops_ring, kennysheep_mini, uniq_edmund

Skill      XL: |  1  2  3  4  5  6 |
---------------+-------------------+-----
Fighting       | 4 5 6 |  6.5
Armour         | 1 2 3 |  3.3
Fire Magic     | 3 |  3.5
Long Blades    | |  2.6
Spellcasting   | |  1.0

Action                   |  1- 3 |  4- 6 |  7- 9 || total
-------------------------+-------+-------+-------++-------
Melee: Falchion          |    84 |       |       ||    84
       Kick              |    11 |    46 |     2 ||    59
       Club              |    26 |   247 |    17 ||   290
  Use: Potion            |       |     4 |     2 ||     6
Armor: Ring mail         |    50 |    99 |     6 ||   155
       Robe              |     1 |       |       ||     1
Dodge: Dodged            |    74 |   154 |    13 ||   241

Table legend: (Time is in decaauts)
 A = Elapsed time spent in this place.
 B = Non-inter-level travel time spent in this place.
 C = Inter-level travel time spent in this place.
 D = Time resting spent in this place.
 E = Time spent auto-exploring this place.
 F = Levels seen in this place.
 G = Mean time per level.
                   A        B        C        D        E       F      G
               +--------+--------+--------+--------+--------+-----+--------+
         Total |   5917 |   5843 |     74 |    491 |   4269 |   5 | 1183.4 |
       Dungeon |   5917 |   5843 |     74 |    491 |   4269 |   5 | 1183.4 |
               +--------+--------+--------+--------+--------+-----+--------+

Top non-repeatable levels by time:
     D:1: 1522 daAuts
     D:2: 1318 daAuts
     D:4: 1177 daAuts
     D:5: 1034 daAuts
     D:3: 864 daAuts
